Map: King's Cove LE

Players

Lambo

  • Race: Zerg Zerg
  • League: Master
  • Spawn Location: 11:00

PtitDrogo - Winner!

  • Race: Protoss Protoss
  • League: Master
  • Spawn Location: 5:00

Event: QLASH StarCraft II Invitational 2 Offline Finals

VOD

Have the link to the VOD?

Description

Time

  • Played on: July 27, 2019, 9:28 a.m.
  • Length: 16:03

All games in this series

Show
View Real Time Build Order
Export as new Build Order

Lambo Zerg 

Build Orders: Hatch First 

Get SALT Encoding   

  12  0:00  Drone  
  13  0:12  Overlord  
  13  0:18  Drone  
  14  0:31  Drone x2  
  16  0:44  Drone  
  17  0:54  Hatchery  
  17  0:56  Drone  
  17  0:59  Drone  
  18  1:10  Extractor  
  17  1:16  Spawning Pool  
  16  1:19  Drone  
  16  1:22  Drone  
  18  1:28  Drone  
  19  1:39  Drone  
  20  1:50  Overlord  
  20  2:03  Queen  
  20  2:06  Zergling x2  
  20  2:07  Drone, Queen  
  26  2:11  Zergling x2  
  26  2:14  Metabolic Boost  
  27  2:17  Drone  
  28  2:26  Drone  
  28  2:29  Drone  
  30  2:35  Drone  
  31  2:44  Hatchery  
  31  2:47  Drone  
  31  2:50  Overlord  
  31  2:59  Drone  
  31  3:01  Zergling x2  
  33  3:10  Drone  
  33  3:11  Drone x2  
  33  3:12  Queen  
  38  3:14  Drone  
  38  3:16  Drone x3  
  42  3:25  Drone x2  
  44  3:36  Lair  
  44  3:38  Overlord  
  44  3:42  Roach Warren  
  44  3:48  Overlord  
  44  3:55  Overlord  
  44  3:58  Drone x6  
  44  4:00  Spore Crawler  
  44  4:01  Spore Crawler, Queen  
  50  4:06  Spore Crawler  
  50  4:09  Drone  
  50  4:11  Drone x2  
  50  4:14  Queen  
  54  4:17  Drone  
  54  4:19  Overlord  
  55  4:24  Drone x2  
  55  4:25  Drone  
  55  4:27  Drone  
  59  4:33  Drone x4  
  59  4:34  Drone  
  59  4:37  Drone  
  59  4:40  Drone  
  59  4:44  Drone, Extractor  
  59  4:45  Extractor  
  59  4:48  Drone, Roach Warren  
  59  4:56  Overlord  
  59  4:58  Drone, Queen  
  62  5:02  Overlord  
  62  5:04  Zergling x6  
  65  5:11  Overlord  
  65  5:15  Queen  
  67  5:36  Roach x9, Nydus Network  
  67  5:41  Roach  
  67  5:42  Roach  
  88  5:46  Roach  
  88  5:48  Roach  
  88  5:49  Overlord  
  92  6:01  Zergling x12  
  98  6:08  Roach x3  
  104  6:12  Nydus Canal  
  104  6:13  Overlord  
  104  6:14  Overlord  
  104  6:16  Zergling x4  
  106  6:19  Overlord  
  106  6:27  Nydus Canal  
  106  6:31  Ravager  
  107  6:33  Ravager x2  
  107  6:34  Zergling x14  
  107  6:38  Zergling x4  
  118  6:40  Zergling x6  
  118  6:47  Zergling x2  
  122  6:53  Zergling x6  
  121  6:59  Burrow, Zergling x4  
  113  7:07  Zergling x6  
  113  7:08  Ravager x2  
  112  7:09  Zergling x2  
  112  7:12  Zergling x2  
  110  7:17  Zergling x4  
  110  7:19  Zergling x2  
  110  7:22  Drone  
  105  7:24  Queen x2  
  105  7:26  Drone  
  109  7:30  Glial Reconstitution  
  109  7:31  Drone x2  
  109  7:33  Evolution Chamber  
  109  7:35  Nydus Canal  
  108  7:40  Drone  
  108  7:41  Drone  
  110  7:49  Nydus Canal  
  110  7:53  Zergling x8  
  110  7:57  Zergling x2  
  113  8:04  Roach x2  
  105  8:07  Roach  
  105  8:08  Queen  
  105  8:09  Zerg Missile Weapons Level 1  
  105  8:12  Hydralisk Den  
  99  8:17  Drone x2  
  99  8:18  Drone  
  101  8:30  Drone x3  
  103  8:35  Queen  
  103  8:38  Drone x2, Evolution Chamber  
  106  8:43  Drone x3  
  107  8:49  Drone x2, Extractor  
  107  8:50  Extractor  
  105  8:58  Roach x3  
  105  9:00  Nydus Canal  
  105  9:02  Roach x2  
  112  9:03  Hatchery  
  112  9:06  Hydralisk  
  112  9:07  Hydralisk x3  
  112  9:08  Muscular Augments  
  117  9:10  Hydralisk  
  117  9:15  Nydus Canal  
  119  9:18  Roach  
  119  9:24  Hydralisk  
  120  9:25  Zergling x2  
  120  9:26  Zergling x6  
  120  9:30  Hydralisk  
  114  9:31  Zergling x2  
  108  9:42  Hydralisk x2, Zergling x6, Extractor  
  108  9:43  Zergling x6  
  117  9:53  Zergling x6  
  120  10:02  Ravager  
  121  10:10  Overlord x3  
  121  10:11  Overlord  
  121  10:12  Pneumatized Carapace  
  121  10:16  Overlord  
  121  10:22  Hydralisk, Overlord  
  121  10:23  Hydralisk x2  
  121  10:24  Roach  
  121  10:25  Overlord  
  121  10:30  Roach x5  
  121  10:31  Hydralisk x2  
  121  10:32  Zergling x2  
  133  10:39  Roach x4  
  132  10:45  Roach x3  
  132  10:49  Roach x4  
  112  10:57  Zergling x4  
  112  11:00  Roach x2  
  99  11:10  Roach x3  
  84  11:12  Roach x4  
  78  11:21  Hydralisk x2  
  70  11:26  Hydralisk  
  70  11:27  Overseer  
  70  11:30  Roach  
  72  11:35  Roach  
  72  11:38  Zergling x2  
  73  11:42  Roach  
  73  11:43  Roach  
  73  11:48  Hydralisk  
  73  11:49  Zergling x2  
  73  11:53  Zergling x2  
  67  11:55  Zergling x2  
  68  12:03  Zergling x8  
  72  12:12  Drone x2  
  76  12:15  Roach  
  76  12:16  Roach  
  76  12:22  Roach  
  80  12:24  Roach  
  80  12:25  Roach  
  80  12:29  Roach  
  85  12:35  Roach x2  
  89  12:39  Zerg Missile Weapons Level 2  
  89  12:42  Grooved Spines  
  88  12:48  Roach  
  90  12:54  Zergling x6  
  92  13:00  Roach x2  
  92  13:02  Overseer  
  94  13:07  Hydralisk  
  94  13:09  Ravager, Zergling x2  
  100  13:12  Roach  
  100  13:16  Roach  
  101  13:21  Roach x2  
  105  13:28  Roach x2  
  105  13:29  Nydus Canal  
  105  13:33  Roach  
  110  13:37  Roach  
  112  13:43  Nydus Canal  
  112  13:46  Roach x2  
  114  13:53  Roach  
  114  13:54  Roach  
  96  13:59  Roach  
  96  14:00  Roach  
  96  14:02  Roach  
  98  14:05  Roach  
  90  14:13  Overlord  
  90  14:16  Roach x2  
  94  14:21  Roach, Nydus Canal  
  94  14:22  Roach  
  98  14:25  Roach  
  98  14:31  Overseer  
  100  14:39  Roach  
  100  14:43  Roach  
  100  14:44  Roach x2  
  100  14:47  Roach  
  86  14:54  Drone x3  
  86  14:59  Overlord  
  89  15:03  Hydralisk  
  91  15:13  Drone x2  
  89  15:18  Hydralisk  
  91  15:21  Hydralisk  
  91  15:25  Drone  
  94  15:30  Hydralisk  
  94  15:36  Hydralisk  
  94  15:44  Nydus Canal  
Show
View Real Time Build Order
Export as new Build Order

PtitDrogo Protoss - Winner!

Build Orders: 1 Gate Expand, Oracle Opening 

Get SALT Encoding   

  12  0:00  Probe  
  13  0:12  Probe  
  14  0:19  Pylon  
  14  0:24  Probe  
  15  0:33  Probe  
  15  0:41  Probe  
  16  0:42  Gateway  
  17  0:52  Probe  
  17  0:56  Assimilator  
  18  1:04  Probe  
  19  1:17  Probe  
  20  1:29  Nexus  
  20  1:40  Cybernetics Core  
  20  1:43  Probe  
  21  1:51  Assimilator  
  21  1:55  Probe  
  21  1:59  Pylon  
  22  2:07  Probe  
  22  2:08  Adept  
  23  2:20  Probe  
  26  2:22  Stargate  
  26  2:28  Stalker  
  26  2:32  Probe  
  27  2:38  Probe  
  27  2:40  Warp Gate  
  27  2:44  Probe  
  31  2:46  Probe  
  32  2:56  Probe x2  
  34  2:59  Oracle  
  34  3:08  Probe  
  34  3:10  Probe  
  39  3:15  Pylon  
  39  3:21  Probe  
  39  3:22  Probe  
  41  3:28  Oracle  
  41  3:30  Gateway  
  41  3:34  Probe  
  41  3:35  Probe  
  41  3:40  Assimilator  
  46  3:44  Assimilator  
  46  3:46  Probe  
  46  3:47  Probe  
  48  3:48  Pylon  
  48  3:59  Probe x2  
  50  4:06  Oracle  
  53  4:11  Probe x2  
  53  4:15  Pylon  
  55  4:17  Robotics Facility  
  55  4:23  Probe x2  
  57  4:24  Pylon  
  57  4:35  Probe x2  
  59  4:46  Zealot x2  
  63  4:54  Immortal  
  63  5:01  Nexus  
  63  5:02  Pylon  
  63  5:06  Sentry x2  
  71  5:10  Gateway  
  71  5:14  Gateway  
  71  5:18  Pylon  
  71  5:26  Warp Prism  
  73  5:39  Gateway, Probe x2  
  73  5:40  Gateway  
  75  5:48  Sentry x2  
  79  5:51  Probe x2  
  79  5:52  Pylon  
  81  6:01  Immortal  
  81  6:03  Probe x2  
  84  6:14  Sentry x2  
  84  6:15  Forge, Probe x2, Twilight Council  
  90  6:18  Stalker x2  
  90  6:22  Shield Battery  
  94  6:34  Stalker  
  94  6:36  Stalker  
  94  6:37  Zealot x2  
  102  6:43  Zealot x2  
  102  7:00  Probe  
  97  7:02  Pylon  
  97  7:03  Protoss Ground Weapons Level 1, Stalker x2  
  97  7:04  Pylon  
  97  7:08  Charge  
  101  7:10  Zealot  
  97  7:16  Immortal  
  77  7:24  Sentry x2  
  77  7:25  Zealot  
  87  7:30  Stalker x3  
  91  7:46  Templar Archives  
  91  7:48  Pylon  
  91  7:49  Zealot x3, Pylon  
  97  7:57  Probe  
  95  7:59  Zealot x2  
  95  8:02  Probe  
  84  8:09  Probe  
  78  8:22  Zealot x2  
  78  8:25  High Templar x2, Observer  
  78  8:26  Probe  
  85  8:30  Archon  
  82  8:34  Probe  
  82  8:36  Assimilator  
  82  8:38  Probe  
  84  8:47  Probe  
  85  8:49  High Templar x2  
  85  8:50  Probe  
  85  8:54  Archon  
  90  8:56  Zealot  
  90  8:59  Probe  
  90  9:02  Zealot x2  
  94  9:18  Probe  
  94  9:23  Probe  
  86  9:28  Probe  
  83  9:32  Probe  
  83  9:36  Probe  
  84  9:40  Probe  
  84  9:45  High Templar x2, Zealot x2, Probe  
  90  9:49  Archon  
  90  9:50  Zealot  
  97  9:56  Probe  
  97  9:57  Probe  
  99  10:00  Pylon  
  99  10:05  Dark Shrine  
  99  10:10  Zealot x2  
  99  10:12  Zealot  
  105  10:17  Probe x2  
  107  10:27  Zealot x2  
  98  10:49  Zealot x5  
  104  10:59  Probe  
  70  11:19  Dark Templar x4  
  70  11:21  Zealot  
  72  11:45  Zealot  
  72  11:50  Probe  
  57  11:57  High Templar x4  
  57  12:00  Psionic Storm  
  65  12:05  Dark Templar  
  66  12:10  Nexus  
  66  12:11  Pylon  
  65  12:31  High Templar  
  65  12:32  High Templar, Zealot  
  65  12:35  Archon  
  71  12:39  Probe x2  
  73  12:49  Zealot  
  73  12:50  Zealot  
  77  12:52  Zealot  
  78  13:03  Probe x2  
  79  13:08  High Templar x2  
  83  13:15  Archon  
  83  13:17  Zealot x2  
  87  13:23  Observer  
  87  13:25  Probe x2  
  87  13:27  High Templar  
  86  13:37  Dark Templar  
  87  13:42  Zealot  
  87  13:46  Zealot  
  91  13:52  Archon x2  
  91  13:53  Probe  
  82  14:18  High Templar x2  
  86  14:24  Dark Templar  
  86  14:27  High Templar  
  86  14:28  Nexus  
  83  14:54  High Templar  
  85  15:00  Pylon  
  85  15:01  Dark Templar  
  85  15:17  Probe x2  
  91  15:29  Probe x2  
  91  15:31  High Templar  
  91  15:47  Dark Templar  
  91  15:48  Zealot x3  
  99  15:54  Archon  
Tags
 
Add a new tag
Caveats
  • Supply blocks, unpowered buildings, or Contaminate may cause inaccurate times.
  • Supply counts are checked every 10 seconds.